 Dungeon Crawl Stone Soup version 0.31-a0-1178-gc5c9b8f871 (webtiles) character file.

Game seed: 5024159431328907741

133 qw the Shooter (level 5, 0/32 HPs)
             Began as a Gargoyle Hunter on Dec 11, 2023.
             Slain by a gnoll
             ... wielding a +0 halberd
              (9 damage)
             ... on level 3 of the Dungeon.
             The game lasted 00:00:49 (2105 turns).

qw the Shooter (Gargoyle Hunter)                    Turns: 2105, Time: 00:00:49

Health: 0/32       AC: 10    Str: 15    XL:     5   Next: 16%
Magic:  5/5        EV: 11    Int:  9    God:
Gold:   77         SH:  0    Dex: 15    Spells: 4/4 levels left

rFire   . . .        g - +3 orcbow (flame)
rCold   . . .        (shield currently unavailable)
rNeg    + . .        e - +0 ring mail
rPois   inf          (no helmet)
rElec   +            (no cloak)
rCorr   .            (no gloves)
SInv    .            c - +0 pair of boots
Will    .....        (no amulet)
Stlth   +            (no ring)
HPRegen 0.25/turn    (no ring)
MPRegen 0.09/turn

%: no passive effects
@: no status effects
A: sickness immunity, AC +4, negative energy resistance 1, electricity
resistance, torment resistance 1, petrification resistance
a: no special abilities


You were on level 3 of the Dungeon.
You visited 1 branch of the dungeon, and saw 3 of its levels.

You collected 119 gold pieces.
You spent 42 gold pieces at shops.


Innate Abilities, Weirdness & Mutations

You are immune to sickness and miasma.
Your stone body is resilient. (AC +4)
You are immune to poison.
You resist negative energy. (rN+)
You are resistant to electric shocks. (rElec)
You are resistant to unholy torment.
You are immune to petrification.


   Skills:
 - Level 3.0 Fighting
 + Level 5.8 Ranged Weapons
 - Level 1.0 Armour
 - Level 1.5 Dodging
 - Level 1.1 Stealth


You had 4 spell levels left.
You didn't know any spells.
Your spell library was empty.

Inventory:

Hand Weapons
 g - a +3 orcbow of flaming (weapon)
Armour
 c - a +0 pair of boots (worn)
 e - a +0 ring mail (worn)
Scrolls
 j - a scroll of fear {unknown}
Potions
 a - 2 potions of curing
 b - a potion of brilliance {unknown}
 d - a potion of haste
 f - a potion of might {unknown}
 i - a potion of attraction {unknown}

Dungeon Overview and Level Annotations

Branches:
Dungeon (3/15)

Altars:

Shops:
D:2 ((   D:3 [[


Message History

You kill the ball python!
A gnoll comes into view. It is wielding a +0 halberd.
You shoot an arrow. The arrow hits the gnoll.
The arrow burns the gnoll.
The gnoll is heavily wounded.
You shoot an arrow. The arrow hits the gnoll!
The arrow burns the gnoll.
You kill the gnoll!
You see here a +0 halberd.
A gnoll comes into view. It is wielding a +0 halberd.
You shoot an arrow.
The arrow hits the gnoll but does no damage.
The gnoll shouts!
A gnoll comes into view. It is wielding a +0 flail.
The gnoll hits you from afar with a +0 halberd!
You shoot an arrow. The arrow barely misses the gnoll.
The gnoll hits you from afar with a +0 halberd.
The gnoll closely misses you.
You shoot an arrow. The arrow hits the gnoll!
The arrow burns the gnoll.
The gnoll is severely wounded.
The gnoll hits you but does no damage.
The gnoll hits you from afar with a +0 halberd.
You shoot an arrow. The arrow barely misses the gnoll.
The gnoll hits you with a +0 flail! The gnoll misses you.
2101 ||| DRINKING 2 potions of heal wounds.
You feel much better. The gnoll closely misses you.
The gnoll hits you from afar with a +0 halberd.
You shoot an arrow. The arrow closely misses the gnoll.
The gnoll hits you with a +0 flail!
The gnoll hits you from afar with a +0 halberd!
The gnoll closely misses you. The gnoll hits you but does no damage.
2103 ||| DRINKING potion of heal wounds.
You feel much better. The gnoll hits you with a +0 flail. The gnoll misses you.
You shoot an arrow. The arrow closely misses the gnoll.
The gnoll hits you with a +0 flail.
The gnoll hits you from afar with a +0 halberd.
You shoot an arrow. The arrow hits the gnoll!
The arrow burns the gnoll.
You kill the gnoll!
The gnoll hits you from afar with a +0 halberd!
You die...

######### #.......#
########
#.#.)##.#######......#
#..#.##...............
#.###@#.#######.####.#
#. #)##.# #.##.... #
..g ..# ####.##.#.#
##.##### #.......#.#
#. ##.##......# #.
#.....#..### #
#.....(.....
#.....#..###
#.......#...


You could see a gnoll.

Vanquished Creatures
  An orc priest (D:3)
  2 gnolls (D:3)
  2 adders
  A worm (D:2)
  A dart slug (D:2)
  2 orcs (D:3)
  5 bats
  5 endoplasms
  3 giant cockroaches
  3 goblins
  11 hobgoblins
  4 jackals (D:2)
  2 quokkas (D:2)
  2 ball pythons
  5 frilled lizards
  5 kobolds
  13 rats (D:1)
67 creatures vanquished.

Notes
Turn   | Place    | Note
-------+----------+-------------------------------------------
     0 | D:1      | qw the Gargoyle Hunter began the quest for the Orb.
     0 | D:1      | Reached XP level 1. HP: 12/12 MP: 1/1
     0 | D:1      | 0 ||| qw: Version: 0.3-a-106-g2cfff9e
     0 | D:1      | 0 ||| qw: Game counter: 2064
     0 | D:1      | 0 ||| qw: Melee chars always use a shield: true
     0 | D:1      | 0 ||| qw: God list: Okawaru
     0 | D:1      | 0 ||| qw: Allow faded altars: false
     0 | D:1      | 0 ||| qw: Do Orc after clearing Dungeon:15 true
     0 | D:1      | 0 ||| qw: Do second Lair branch before Depths: true
     0 | D:1      | 0 ||| qw: Lair rune preference: random
     0 | D:1      | 0 ||| qw: Goals: Normal, Save, Zot:1-4, Win
     0 | D:1      | 0 ||| PLANNING D:1-11
   330 | D:1      | Reached XP level 2. HP: 17/17 MP: 2/2
   839 | D:1      | 839 ||| UPGRADING to +0 ring mail.
   849 | D:1      | 849 ||| DROPPING +0 leather armour.
   850 | D:1      | 850 ||| READING scroll labelled LOKHLOE MUJE.
   951 | D:1      | 951 ||| READING scroll labelled WUGGIN DOUMUCW.
   952 | D:1      | 952 ||| DROPPING scroll of butterflies.
   970 | D:2      | Found Cudet's Weapon Shoppe.
   979 | D:2      | 979 ||| SHOPLISTING +4 orcbow of electrocution (429 gold,
                  | have 31).
  1051 | D:2      | Reached skill level 1 in Armour
  1078 | D:2      | Reached XP level 3. HP: 21/21 MP: 3/3
  1186 | D:2      | Found Jocki's Weapon Shop.
  1189 | D:2      | Reached skill level 5 in Ranged Weapons
  1196 | D:2      | 1196 ||| BUYING +0 orcbow (42 gold).
  1196 | D:2      | Bought a +0 orcbow for 42 gold pieces
  1196 | D:2      | 1196 ||| SWAPPING to +0 orcbow.
  1197 | D:2      | 1197 ||| DROPPING +0 shortbow.
  1344 | D:2      | Reached XP level 4. HP: 25/27 MP: 4/4
  1346 | D:2      | 1346 ||| FLEEEEING.
  1347 | D:2      | 1347 ||| FLEEEEING.
  1348 | D:2      | 1348 ||| FLEEEEING.
  1349 | D:2      | 1349 ||| STAIRDANCE
  1366 | D:1      | 1366 ||| UPGRADING to +0 pair of boots.
  1371 | D:1      | 1371 ||| READING 3 scrolls of identify.
  1371 | D:1      | 1371 ||| IDENTIFYING murky brown potion
  1372 | D:1      | 1372 ||| READING 2 scrolls of identify.
  1372 | D:1      | 1372 ||| IDENTIFYING grey potion
  1373 | D:1      | 1373 ||| READING scroll of identify.
  1373 | D:1      | 1373 ||| IDENTIFYING 2 puce potions
  1374 | D:1      | 1374 ||| READING scroll labelled OZEVATRALUA.
  1513 | D:2      | Identified the +4 whip of Iskeutso {flame, Str+5 Stlth-}
  1633 | D:2      | 1633 ||| READING scroll labelled BAEJOR HUNTI.
  1633 | D:2      | Identified a scroll of acquirement
  1633 | D:2      | 1633 ||| 1633 ||| Offered ring of magical power
  1633 | D:2      | 1633 ||| 1633 ||| Offered +3 orcbow of flaming
  1633 | D:2      | 1633 ||| 1633 ||| Offered staff of fire
  1633 | D:2      | 1633 ||| 1633 ||| Offered 731 gold pieces
  1633 | D:2      | 1633 ||| ACQUIRING +3 orcbow of flaming
  1633 | D:2      | Acquired a +3 orcbow of flaming
  1635 | D:2      | 1635 ||| SWAPPING to +3 orcbow of flaming.
  1636 | D:2      | 1636 ||| DROPPING +0 orcbow.
  1723 | D:3      | Reached skill level 3 in Fighting
  1793 | D:3      | Found Imerergho's Armour Boutique.
  1801 | D:3      | 1801 ||| SHOPLISTING +2 cloak (231 gold, have 56).
  1801 | D:3      | 1801 ||| SHOPLISTING +3 leather armour of willpower (336
                  | gold, have 56).
  1801 | D:3      | 1801 ||| SHOPLISTING scarf of Basai {harm, +Blink rF+
                  | Stlth+} (431 gold, have 56).
  1880 | D:3      | Reached XP level 5. HP: 32/32 MP: 5/5
  2000 | D:3      | Found Gid Wyro's Antique Armour Shop.
  2009 | D:3      | 2009 ||| SHOPLISTING embroidered robe (81 gold, have 77).
  2009 | D:3      | 2009 ||| SHOPLISTING glowing ring mail (154 gold, have 77).
  2100 | D:3      | HP: 4/32 [gnoll/+0 flail (7)]
  2101 | D:3      | 2101 ||| DRINKING 2 potions of heal wounds.
  2103 | D:3      | 2103 ||| DRINKING potion of heal wounds.
  2105 | D:3      | Slain by a gnoll

Levels and vault maps discovered:
D:1:      minmay_arrival_diagonal_passages, layout_loops_corners,
          dreamdust_mushroom_princess, minmay_rat_gold_closets
D:2:      layout_loops_ring, serial_shops, nicolae_shop_waterfront,
          nicolae_shop_bloodbath_and_beyond
D:3:      cheibrodos_pilgrimage, layout_loops_cross, serial_shops,
          nicolae_shop_just_a_little_nook, shop, nicolae_shop_getting_attention

Skill      XL: |  1  2  3  4 |
---------------+-------------+-----
Armour         | 1 |  1.0
Ranged Weapons | 5 |  5.8
Fighting       | 3 |  3.0
Dodging        | |  1.5
Stealth        | |  1.1

Action                     |  1- 3 |  4- 6 || total
---------------------------+-------+-------++-------
   Fire: Shortbow          |    86 |       ||    86
         Orcbow            |    32 |    47 ||    79
    Use: Scroll            |     2 |     5 ||     7
         Potion            |       |     2 ||     2
 Armour: Leather armour    |     7 |       ||     7
         Ring mail         |    27 |    16 ||    43
  Dodge: Dodged            |    35 |     7 ||    42

Table legend:
 A = Non-vault XP
 B = Vault XP
 C = Vault XP percentage of total XP
 D = Non-vault monster count
 E = Vault monster count
 F = Vault count percentage of total count
                 A         B        C        D         E       F
            +---------+---------+-------+---------+---------+-------
      Total |     149 |      56 |  27.3 |      55 |      12 |  17.9
            +---------+---------+-------+---------+---------+-------
        D:1 |      13 |       9 |  40.9 |      10 |       9 |  47.4
        D:2 |      70 |       0 |   0.0 |      29 |       0 |   0.0
        D:3 |      66 |      47 |  41.6 |      16 |       3 |  15.8
            +---------+---------+-------+---------+---------+-------
